AoeStats
← SaulSarro

Black Forest

507879922Analyzed
4v4 RM · 12d ago on Sep 20, 2026· 46m 30s· 8 players
Game mode
Random Map
Map size
Large (8 player)
Population
200
Speed
Normal
Resources
Standard
Victory
Conquest
Starting age
Dark Age
Ending age
Imperial Age
RankedLock teamsTeams togetherTeam positionsShared explorationLock speedFull tech treeHidden civsTurbo modeCheats
Victory
Defeat
🇺🇸 Teutons · United States
966
+14
🇲🇽 Goths · Mexico
939
+15
🇲🇽 Persians · Mexico
899
+16
🇦🇷 Georgians · Argentina
837
+19
🇺🇸 Spanish · United States
1005
-20
🇺🇸 Mongols · United States
959
-18
🇺🇸 Turks · United States
857
-23
🇺🇸 Britons · United States
805
-12
D4nielSDH
0:27 Loom
12:49 Feudal Age
14:01 Wheelbarrow
13:16 Double-Bit Axe
13:18 Horse Collar
19:22 Castle Age
17:59 Gold Mining
18:07 Stone Mining
25:56 Bow Saw
26:55 Heavy Plow
32:28 Imperial Age
30:34 Hand Cart
31:07 Stone Shaft Mining
31:57 Forging
31:52 Scale Barding Armor
32:05 Elite War Elephant
33:11 Conscription
33:14 Caravan
34:26 Two-Man Saw
34:08 Gold Shaft Mining
34:33 Crop Rotation
34:56 Citadels
35:45 Iron Casting
35:31 Chain Barding Armor
35:03 Fletching
35:37 Ballistics
35:14 Murder Holes
36:20 Chemistry
37:13 Hoardings
37:14 Devotion
39:30 Blast Furnace
39:06 Plate Barding Armor
38:28 Bodkin Arrow
39:05 Husbandry
39:20 Bloodlines
38:51 Light Cavalry
40:49 Hussar
44:05 Pikeman
44:31 Gambesons
44:46 Squires
44:33 Arson
44:53 Scale Mail Armor
44:55 Halberdier
45:12 Cavalier
b3rm3
1:53 Loom
11:30 Feudal Age
18:54 Castle Age
17:51 Double-Bit Axe
17:57 Stone Mining
23:10 Bow Saw
26:58 Fletching
31:49 Fortified Wall
37:08 Imperial Age
35:36 Horse Collar
37:03 Scale Barding Armor
37:09 Forging
37:02 Scale Mail Armor
39:27 Chemistry
39:11 Wheelbarrow
39:27 Elite Monaspa
41:28 Chain Barding Armor
43:13 Gold Mining
44:25 Iron Casting
44:25 Plate Barding Armor
43:48 Bodkin Arrow
45:24 Elite Skirmisher
46:38 Bracer
46:39 Padded Archer Armor
47:40 Blast Furnace
47:16 Plate Barding Armor
SaulSarro
1:39 Loom
15:38 Feudal Age
17:05 Town Watch
18:13 Man-at-Arms
20:21 Wheelbarrow
23:23 Horse Collar
25:46 Stone Mining
29:25 Forging
31:28 Castle Age
29:40 Scale Mail Armor
30:30 Gold Mining
32:45 Chain Mail Armor
33:06 Iron Casting
32:51 Town Patrol
37:35 Imperial Age
36:27 Double-Bit Axe
37:30 Anarchy
43:49 Squires
erik_k900
0:26 Loom
13:18 Feudal Age
14:05 Double-Bit Axe
17:46 Wheelbarrow
19:50 Castle Age
18:58 Horse Collar
21:43 Man-at-Arms
25:35 Caravan
28:43 Heavy Plow
28:56 Bow Saw
32:23 Imperial Age
31:18 Padded Archer Armor
31:09 Fletching
31:20 Scale Mail Armor
31:31 Forging
31:44 Hand Cart
31:29 Long Swordsman
31:56 Gambesons
32:11 Squires
31:56 Arson
31:36 Pikeman
32:11 Stone Mining
32:12 Gold Mining
32:37 Crossbowman
33:51 Ballistics
34:33 Chemistry
34:30 Elite Skirmisher
34:32 Two-Handed Swordsman
34:33 Halberdier
36:39 Two-Man Saw
36:11 Crop Rotation
35:34 Gold Mining
36:19 Stone Shaft Mining
35:34 Gold Mining
36:19 Stone Shaft Mining
36:07 Fortified Wall
38:16 Town Watch
39:22 Iron Casting
39:02 Chain Mail Armor
39:22 Iron Casting
39:03 Leather Archer Armor
38:43 Bodkin Arrow
39:06 Siege Engineers
39:12 Masonry
38:54 Champion
40:07 Heavy Scorpion
40:08 Capped Ram
41:53 Bombard Tower
44:59 Heated Shot
Leftovermedal98
8:57 Loom
14:00 Feudal Age
15:33 Town Watch
15:52 Double-Bit Axe
17:45 Horse Collar
21:54 Gold Mining
21:54 Stone Mining
28:12 Castle Age
29:26 Bow Saw
29:26 Heavy Plow
30:15 Crossbowman
31:56 Thumb Ring
33:18 Caravan
36:34 Sipahi
38:24 Wheelbarrow
39:50 Fletching
40:07 Scale Barding Armor
46:17 Imperial Age
lovestosplooge
0:44 Loom
14:52 Feudal Age
16:07 Double-Bit Axe
18:08 Horse Collar
21:00 Castle Age
20:24 Gold Mining
22:08 Bow Saw
22:07 Heavy Plow
27:12 Stone Mining
29:25 Wheelbarrow
33:10 Imperial Age
31:31 Padded Archer Armor
31:21 Fletching
32:50 Scale Mail Armor
33:05 Leather Archer Armor
32:47 Bodkin Arrow
33:20 Scale Barding Armor
34:00 Chain Mail Armor
33:55 Forging
33:43 Murder Holes
33:58 Caravan
34:55 Coinage
35:13 Redemption
35:19 Block Printing
34:49 Capped Ram
36:35 Chemistry
36:14 Iron Casting
35:39 Bracer
36:42 Ring Archer Armor
36:43 Plate Mail Armor
35:49 Onager
36:09 Elite Skirmisher
37:38 Chain Barding Armor
37:55 Conscription
39:07 Two-Man Saw
38:43 Fortified Wall
40:14 Plate Barding Armor
40:40 Blast Furnace
40:50 Stone Shaft Mining
41:05 Banking
40:46 Guilds
41:45 Masonry
41:51 Cavalier
42:31 Husbandry
45:04 Blast Furnace
HersheysMom
7:28 Loom
12:52 Feudal Age
14:12 Double-Bit Axe
17:00 Horse Collar
18:04 Wheelbarrow
21:00 Castle Age
20:19 Gold Mining
20:20 Stone Mining
21:05 Fletching
21:17 Padded Archer Armor
23:07 Bodkin Arrow
22:37 Crossbowman
28:04 Elite Skirmisher
31:30 Ballistics
34:46 Imperial Age
33:12 Leather Archer Armor
33:39 Bow Saw
35:43 Yeomen
37:08 Hoardings
37:04 Elite Longbowman
37:08 Capped Ram
38:39 Treadmill Crane
40:02 Chemistry
38:59 Murder Holes
39:57 Hand Cart
40:40 Bracer
40:54 Town Watch
42:30 Gold Shaft Mining
43:22 Pikeman
46:14 Halberdier
Bart Harley Jarvis
3:04 Loom
15:01 Feudal Age
19:49 Castle Age
18:46 Double-Bit Axe
20:03 Stone Mining
20:45 Bow Saw
20:50 Horse Collar
22:10 Fletching
22:55 Heavy Plow
24:42 Bodkin Arrow
25:47 Padded Archer Armor
26:10 Ballistics
27:03 Leather Archer Armor
29:53 Bloodlines
29:46 Husbandry
30:56 Wheelbarrow
30:09 Town Watch
35:03 Imperial Age
33:31 Gold Mining
34:26 Hand Cart
36:35 Stone Shaft Mining
36:36 Gold Shaft Mining
36:45 Elite Mangudai
38:03 Bracer
38:11 Siege Engineers
39:07 Chemistry
40:00 Elite Mangudai
40:48 Scale Barding Armor
40:53 Forging
41:00 Light Cavalry
42:17 Parthian Tactics
41:58 Thumb Ring
42:33 Drill
42:34 Conscription
42:49 Hoardings
44:23 Iron Casting
44:09 Chain Barding Armor
43:44 Hussar
Connection lost

Rejoining the realm…

Still unreachable

The connection could not be restored.

Session expired

The server has moved on; the page needs a fresh start.